AoeStats
← CLİNT EASTWOOD SS

Arabia

507103877Analyzed
1v1 RM · 16d ago on Sep 16, 2026· 37m 52s· 2 players
Game mode
Random Map
Map size
Tiny (2 player)
Population
200
Speed
Normal
Resources
Standard
Victory
Conquest
Starting age
Dark Age
Ending age
Imperial Age
RankedLock teamsTeams togetherTeam positionsShared explorationLock speedFull tech treeHidden civsTurbo modeCheats
Victory
Defeat
🇳🇱 Italians · Netherlands
669
+16
🇹🇷 Berbers · Türkiye
678
-16
rapper_ali_k
7:45 Loom
9:59 Feudal Age
11:43 Double-Bit Axe
13:34 Horse Collar
15:38 Gold Mining
16:12 Fletching
16:23 Padded Archer Armor
22:51 Stone Mining
26:39 Castle Age
27:23 Bodkin Arrow
27:45 Leather Archer Armor
26:53 Crossbowman
27:39 Thumb Ring
28:48 Heavy Plow
29:08 Bow Saw
31:01 Bloodlines
32:19 Light Cavalry
34:17 Husbandry
35:03 Wheelbarrow
35:08 Stone Shaft Mining
38:54 Imperial Age
CLİNT EASTWOOD SS
11:04 Feudal Age
26:38 Castle Age
25:10 Double-Bit Axe
25:07 Horse Collar
27:58 Bloodlines
27:13 Elite Skirmisher
29:32 Padded Archer Armor
32:28 Stone Mining
32:51 Bow Saw
35:27 Stone Shaft Mining
37:00 Gold Mining
Connection lost

Rejoining the realm…

Still unreachable

The connection could not be restored.

Session expired

The server has moved on; the page needs a fresh start.